Map: Sludge City

Players

Manta - Winner!

  • Race: Zerg Zerg
  • League: Gold
  • Spawn Location: 5:00

Dallinger - Winner!

  • Race: Terran Terran
  • League: Diamond
  • Spawn Location: 5:00

Natural

  • Race: Zerg Zerg
  • League: Platinum
  • Spawn Location: 11:00

GrEEnEr

  • Race: Protoss Protoss
  • League: Platinum
  • Spawn Location: 9:00

VOD

Have the link to the VOD?

Description

Time

  • Played on: Feb. 20, 2016, noon
  • Length: 14:45
Show
View Real Time Build Order
Export as new Build Order

Manta Zerg - Winner!

Build Orders: Hatch First 

Get SALT Encoding   

  12  0:04  Drone  
  13  0:13  Drone  
  14  0:19  Overlord  
  14  0:47  Hatchery  
  14  0:48  Drone  
  14  0:56  Drone  
  15  1:01  Drone  
  15  1:03  Drone  
  17  1:46  Spawning Pool  
  16  1:47  Extractor  
  16  1:49  Drone x3, Extractor  
  17  2:06  Drone  
  18  2:24  Drone x2  
  18  2:25  Drone  
  21  2:36  Drone x3, Queen  
  24  2:38  Queen  
  24  2:41  Overlord  
  28  3:11  Overlord x3  
  28  3:32  Zergling x2  
  28  3:34  Zergling x2  
  30  3:41  Lair  
  30  3:45  Drone  
  31  3:49  Drone  
  31  3:50  Drone x2  
  34  4:03  Overlord  
  34  4:06  Hatchery  
  33  4:12  Zergling x2  
  34  4:18  Drone x5  
  34  4:19  Drone  
  40  4:25  Metabolic Boost  
  40  4:31  Zergling x4  
  42  4:38  Extractor  
  41  4:46  Extractor  
  41  4:50  Zergling x4  
  41  4:51  Zergling x6  
  41  4:52  Drone x4  
  49  4:57  Drone  
  49  4:58  Drone, Spire  
  50  5:10  Evolution Chamber  
  49  5:16  Drone x2  
  49  5:18  Evolution Chamber  
  50  5:24  Drone x3  
  50  5:25  Drone x2  
  50  5:28  Hatchery  
  54  5:30  Drone x2, Queen  
  54  5:33  Overlord x2  
  59  5:46  Overlord  
  59  5:54  Overlord  
  59  5:59  Hatchery  
  58  6:05  Zerg Ground Armor Level 1  
  58  6:06  Zerg Melee Weapons Level 1  
  58  6:14  Mutalisk x2  
  58  6:15  Mutalisk x6  
  58  6:18  Drone  
  74  6:36  Mutalisk x2  
  74  6:39  Drone x3  
  82  6:40  Drone, Overlord x2  
  82  6:41  Overlord  
  82  6:51  Extractor  
  81  7:04  Mutalisk x3  
  81  7:07  Drone x4  
  81  7:08  Drone x6  
  95  7:13  Extractor  
  96  7:39  Drone x5  
  101  7:45  Queen  
  101  7:50  Drone x2  
  105  8:12  Mutalisk  
  105  8:13  Mutalisk x5  
  111  8:30  Mutalisk x2  
  111  8:31  Zergling x2, Mutalisk  
  111  8:32  Zergling x2  
  118  8:34  Overlord x2  
  118  8:35  Overlord x2  
  111  8:52  Zerg Ground Armor Level 2, Zerg Melee Weapons Level 2  
  111  8:54  Zerg Flyer Armor Level 1  
  111  8:57  Drone x4  
  111  8:58  Drone x6  
  111  8:59  Drone x5  
  105  9:53  Mutalisk x4  
  105  9:54  Mutalisk x8  
  105  9:56  Zergling x16  
  105  9:57  Mutalisk  
  105  9:59  Zergling x2  
  140  10:04  Extractor  
  140  10:05  Drone x2  
  140  10:06  Extractor  
  140  10:08  Drone  
  140  10:09  Drone  
  140  10:11  Drone  
  140  10:12  Drone  
  144  10:21  Hatchery  
  143  10:38  Infestation Pit  
  143  10:39  Hatchery  
  141  10:43  Queen  
  141  10:45  Queen  
  141  10:46  Hatchery  
  141  10:48  Zerg Flyer Weapons Level 1  
  144  10:50  Queen  
  144  10:56  Hatchery  
  145  11:02  Hatchery  
  144  11:06  Mutalisk x4  
  144  11:07  Overlord x2  
  144  11:08  Overlord x6  
  144  11:09  Overlord  
  152  11:25  Queen  
  142  11:44  Mutalisk x6  
  142  11:45  Mutalisk x5  
  142  11:46  Zergling x6  
  142  11:47  Zergling x14  
  169  11:48  Zergling x2  
  169  11:52  Extractor  
  174  11:54  Extractor  
  173  12:03  Queen  
  173  12:05  Hatchery  
  174  12:20  Drone  
  174  12:21  Drone x2  
  174  12:22  Drone  
  178  12:23  Drone  
  178  12:24  Drone, Queen  
  178  12:29  Mutalisk  
  182  12:30  Mutalisk x6  
  182  12:31  Mutalisk x2  
  200  12:41  Hive  
  146  13:44  Mutalisk x6  
  146  13:45  Mutalisk x13  
  146  13:46  Zergling x2  
  146  13:47  Zergling x30  
  146  13:48  Zergling x8  
Show
View Real Time Build Order
Export as new Build Order

Dallinger Terran - Winner!

Build Orders: MMM Bio 

Get SALT Encoding   

  12  0:01  SCV  
  13  0:13  SCV  
  14  0:17  Supply Depot  
  14  0:25  SCV  
  15  0:39  SCV  
  15  0:41  Barracks  
  16  0:46  Refinery  
  16  0:51  SCV  
  17  1:20  SCV  
  18  1:30  Barracks Reactor  
  18  1:34  Command Center  
  18  1:39  Orbital Command  
  18  1:53  Supply Depot  
  18  1:57  Refinery  
  18  2:05  SCV  
  19  2:11  Factory  
  19  2:17  Marine  
  19  2:18  Marine  
  21  2:24  SCV  
  22  2:35  Bunker  
  22  2:39  Marine x2  
  22  2:41  SCV  
  25  2:49  Orbital Command  
  25  2:58  Starport  
  25  2:59  Factory Tech Lab  
  24  3:08  Marine x2  
  26  3:17  Supply Depot  
  26  3:18  SCV  
  27  3:21  SCV  
  28  3:30  SCV  
  28  3:33  SCV  
  30  3:36  Starport Reactor  
  30  3:43  Supply Depot  
  30  3:44  SCV  
  30  3:45  SCV  
  32  3:56  SCV  
  32  3:57  SCV  
  32  4:02  Marine, Siege Tank  
  37  4:03  Marine  
  37  4:09  Bunker, SCV x2  
  41  4:16  Engineering Bay  
  41  4:21  SCV x2  
  43  4:25  Medivac x2  
  47  4:43  Supply Depot  
  47  4:50  Barracks x2  
  47  4:52  Supply Depot  
  47  4:54  Supply Depot, Missile Turret  
  47  4:58  Missile Turret  
  47  4:59  Refinery  
  47  5:00  Refinery, SCV x2  
  47  5:05  Siege Tank  
  52  5:11  Supply Depot  
  52  5:12  SCV x2  
  54  5:22  Barracks x2  
  54  5:28  SCV x2  
  56  5:40  SCV  
  56  5:41  SCV  
  58  5:48  Barracks Tech Lab x2  
  58  5:52  Armory  
  58  5:55  Engineering Bay  
  58  6:00  Medivac x2  
  58  6:01  Siege Tank  
  65  6:07  Factory  
  65  6:09  Missile Turret  
  65  6:12  Missile Turret  
  65  6:15  Barracks Reactor x2  
  65  6:17  Missile Turret, Stimpack  
  65  6:19  Combat Shields  
  65  6:21  Missile Turret  
  65  6:33  Marine x4  
  65  6:35  Siege Tank  
  72  6:44  Command Center  
  72  6:55  Factory Tech Lab  
  72  7:03  Terran Infantry Armor Level 1, Terran Infantry Weapons Level 1  
  72  7:05  Terran Vehicle Weapons Level 1  
  72  7:09  Marine x3  
  72  7:10  Marine x5  
  80  7:25  Missile Turret  
  80  7:35  Medivac, Siege Tank x2  
  88  7:38  Medivac  
  88  7:43  Marine x4  
  94  7:56  Marine x4  
  98  8:10  Orbital Command  
  78  8:49  Marine  
  78  8:50  Marine x7  
  78  8:54  Thor x2  
  98  8:55  Medivac x2  
  102  9:07  Marine x3  
  102  9:08  Orbital Command, Marine x3  
  69  9:54  Marauder x2, Marine  
  69  9:55  Marine x5  
  85  10:03  Medivac, Thor x2  
  85  10:04  Medivac  
  95  10:12  Marine, SCV x3  
  95  10:13  Marine x5  
  104  10:15  Marauder x2  
  104  10:21  Concussive Shells  
  108  10:24  Terran Infantry Weapons Level 2, Terran Infantry Armor Level 2  
  108  10:30  Marine  
  108  10:31  Refinery  
  109  10:50  Refinery  
  109  10:54  Supply Depot x2  
  109  10:56  Supply Depot, Terran Vehicle Weapons Level 2  
  109  10:58  Supply Depot  
  109  11:15  Marine x6, Thor  
  109  11:16  Marauder x2  
  109  11:18  Command Center, Thor  
  131  11:23  Supply Depot  
  131  11:25  Supply Depot x2  
  115  11:27  Supply Depot  
  100  11:33  Marine x4  
  100  11:37  Marauder x2  
  108  11:47  Medivac x2  
  112  11:56  SCV x3  
  112  11:59  Marauder x2  
  120  12:08  SCV x3  
  122  12:21  SCV  
  123  12:28  Refinery x2  
  123  12:31  Planetary Fortress  
  123  12:34  Missile Turret  
  123  12:36  Missile Turret  
  123  12:47  Marauder x2, Marine x6  
  123  12:49  Thor x2  
  145  12:54  Command Center  
  145  13:00  Sensor Tower  
  145  13:06  Sensor Tower  
  145  13:12  SCV x3  
  148  13:13  SCV  
  149  13:35  Marine  
  149  13:36  Marauder x2, Marine x5  
  157  13:53  Marine  
  144  14:08  Marine x2  
  144  14:09  Marauder x2, Marine x3  
Show
View Real Time Build Order
Export as new Build Order

Natural Zerg 

Build Orders: Hatch First 

Get SALT Encoding   

  12  0:01  Drone  
  13  0:09  Drone  
  14  0:18  Overlord  
  14  0:23  Extractor  
  14  0:24  Drone  
  15  0:38  Drone x2  
  17  0:48  Drone  
  18  0:57  Hatchery  
  18  1:00  Drone  
  18  1:13  Spawning Pool  
  18  1:16  Drone  
  18  1:19  Drone  
  19  1:26  Extractor  
  19  1:28  Drone  
  19  1:44  Drone  
  20  1:53  Overlord  
  20  2:00  Queen  
  22  2:10  Queen  
  22  2:11  Zergling x6  
  27  2:17  Extractor  
  26  2:25  Drone x2  
  28  2:33  Drone x2  
  30  3:04  Drone  
  30  3:05  Drone x5  
  36  3:18  Roach Warren  
  36  3:19  Overlord  
  35  3:21  Evolution Chamber, Overlord, Queen  
  36  3:37  Queen  
  36  4:05  Zerg Missile Weapons Level 1  
  35  4:22  Hatchery  
  35  4:23  Lair  
  34  4:28  Drone x3  
  34  4:30  Drone x3  
  40  4:34  Extractor  
  40  4:36  Extractor  
  38  4:44  Evolution Chamber  
  37  5:08  Spore Crawler  
  37  5:11  Spore Crawler  
  37  5:12  Drone x8  
  43  5:21  Glial Reconstitution  
  43  5:23  Zerg Ground Armor Level 1  
  43  5:28  Hydralisk Den  
  42  5:37  Infestation Pit  
  41  5:44  Drone x11  
  41  5:47  Queen  
  54  5:54  Overlord  
  54  5:55  Overlord x2  
  54  6:13  Zerg Missile Weapons Level 2, Muscular Augments  
  54  6:17  Drone  
  54  6:18  Drone x10  
  63  6:20  Extractor  
  63  6:21  Extractor  
  63  6:22  Spore Crawler  
  62  6:26  Spore Crawler  
  62  6:31  Roach  
  62  6:32  Roach x2  
  67  6:38  Spore Crawler  
  66  6:40  Spore Crawler  
  65  6:53  Spore Crawler  
  64  6:54  Roach  
  64  6:55  Overlord, Roach x7  
  64  6:56  Overlord  
  64  6:59  Pathogen Glands  
  80  7:24  Hydralisk  
  80  7:25  Hydralisk x7  
  96  7:31  Zerg Ground Armor Level 2  
  96  7:38  Spore Crawler  
  96  7:43  Spore Crawler x2  
  93  7:46  Hydralisk x2  
  97  7:55  Drone  
  97  7:57  Overlord  
  97  7:58  Overlord x2  
  98  8:19  Hydralisk x4  
  100  8:21  Overlord x2  
  102  8:45  Hydralisk  
  102  8:46  Hydralisk x7  
  118  8:53  Hive  
  118  9:13  Infestor x2  
  118  9:15  Overlord x2  
  118  9:16  Overlord x2  
  122  9:29  Overseer x3  
  122  9:43  Hydralisk  
  122  9:44  Hydralisk x6  
  100  10:15  Roach  
  100  10:16  Roach x12  
  100  10:19  Overlord  
  126  10:30  Infestor x3  
  126  10:35  Infestor  
  134  10:48  Zerg Missile Weapons Level 3  
  134  10:50  Zerg Ground Armor Level 3  
  134  10:57  Viper x2  
  122  11:31  Hydralisk  
  122  11:32  Hydralisk x9  
  84  11:40  Viper x2  
  90  11:51  Hatchery  
  89  12:12  Roach  
  89  12:13  Roach x7  
  89  12:14  Roach  
  107  12:31  Overlord x2  
  107  12:57  Roach x11  
  129  13:04  Queen  
  131  13:25  Extractor x2  
  126  13:38  Hydralisk x8  
  116  14:07  Hydralisk  
  116  14:08  Hydralisk x5  
  79  14:24  Ultralisk Cavern  
Show
View Real Time Build Order
Export as new Build Order

GrEEnEr Protoss 

Build Orders: 1 Gate Expand, Zealot Archon 

Get SALT Encoding   

  12  0:01  Probe (Chrono Boost)  
  13  0:13  Pylon  
  13  0:18  Probe (Chrono Boost)  
  14  0:29  Probe (Chrono Boost)  
  14  0:34  Gateway  
  15  0:39  Probe (Chrono Boost)  
  16  0:47  Assimilator  
  16  0:50  Probe (Chrono Boost)  
  17  1:00  Probe (Chrono Boost)  
  18  1:17  Probe (Chrono Boost)  
  19  1:28  Nexus  
  20  1:35  Pylon  
  19  1:43  Probe (Chrono Boost)  
  21  1:54  Probe (Chrono Boost)  
  21  1:56  Cybernetics Core  
  21  2:12  Probe (Chrono Boost)  
  22  2:17  Pylon  
  23  2:23  Probe (Chrono Boost)  
  23  2:28  Gateway  
  23  2:35  Stalker  
  23  2:36  Warp Gate (Chrono Boost)  
  25  2:38  Probe  
  25  2:40  Probe  
  27  2:49  Probe  
  29  3:00  Mothership Core, Probe  
  31  3:05  Gateway  
  31  3:07  Assimilator  
  31  3:10  Probe  
  32  3:15  Stalker  
  32  3:18  Stalker  
  36  3:21  Probe x2  
  38  3:27  Pylon  
  38  3:33  Probe  
  39  3:47  Gateway  
  39  3:48  Probe  
  39  3:49  Probe  
  39  3:52  Assimilator  
  41  3:56  Forge  
  41  3:59  Pylon  
  41  4:03  Pylon  
  41  4:10  Probe  
  41  4:11  Twilight Council  
  41  4:12  Probe  
  43  4:24  Probe  
  43  4:25  Probe  
  43  4:27  Assimilator  
  43  4:31  Zealot x2  
  47  4:37  Protoss Ground Weapons Level 1 (Chrono Boost)  
  49  4:48  Dark Shrine  
  49  4:49  Probe  
  49  4:50  Probe  
  51  5:01  Stalker  
  51  5:02  Stalker  
  55  5:12  Robotics Facility  
  55  5:25  Photon Cannon  
  55  5:26  Pylon  
  55  5:30  Pylon  
  55  5:49  Zealot x2  
  59  5:52  Charge  
  59  6:03  Dark Templar x2  
  63  6:09  Gateway  
  63  6:12  Gateway x2  
  63  6:15  Dark Templar x2  
  67  6:20  Nexus  
  67  6:29  Nexus  
  67  6:31  Archon x2  
  67  6:32  Pylon  
  67  6:39  Observer  
  68  6:43  Protoss Ground Weapons Level 2 (Chrono Boost)  
  68  6:51  Photon Cannon  
  68  6:55  Robotics Facility  
  68  7:00  Immortal  
  72  7:04  Photon Cannon  
  72  7:07  Photon Cannon  
  72  7:18  Stalker  
  72  7:19  Stalker x3  
  80  7:25  Probe  
  80  7:26  Probe  
  82  7:35  Probe  
  82  7:37  Photon Cannon  
  82  7:38  Probe  
  82  7:40  Photon Cannon  
  82  7:44  Photon Cannon  
  84  7:46  Probe, Photon Cannon  
  84  7:50  Photon Cannon  
  85  7:57  Photon Cannon  
  85  8:02  Photon Cannon  
  85  8:08  Photon Cannon  
  85  8:20  Pylon  
  81  8:27  Immortal x2  
  81  8:28  Dark Templar  
  87  8:46  Dark Templar  
  87  8:47  Dark Templar x2  
  87  8:48  Probe x2  
  91  8:49  Probe  
  94  8:56  Protoss Ground Weapons Level 3 (Chrono Boost)  
  94  8:58  Archon  
  94  8:59  Archon  
  94  9:01  Probe  
  85  9:10  Pylon  
  85  9:11  Photon Cannon  
  67  9:23  Dark Templar  
  67  9:24  Dark Templar x4  
  65  9:25  Dark Templar  
  65  9:26  Zealot  
  65  9:28  Archon x2  
  65  9:31  Archon  
  55  9:52  Probe x2  
  53  9:53  Probe  
  53  9:57  Dark Templar x2  
  53  9:58  Zealot x5  
  70  10:02  Probe x2  
  70  10:05  Probe  
  73  10:08  Pylon  
  73  10:12  Assimilator  
  75  10:31  Immortal  
  77  10:40  Assimilator  
  77  10:42  Immortal  
  81  10:52  Robotics Facility  
  81  10:53  Robotics Facility  
  81  11:02  Forge  
  81  11:10  Observer, Protoss Ground Armor Level 1 (Chrono Boost)  
  82  11:21  Dark Templar x4  
  82  11:23  Archon  
  90  11:26  Archon x2  
  88  11:43  Zealot x2  
  88  11:46  Blink (Chrono Boost)  
  92  11:55  Pylon  
  92  11:56  Pylon  
  92  11:58  Pylon  
  92  12:00  Pylon  
  92  12:02  Nexus  
  92  12:03  Pylon  
  92  12:04  Nexus  
  92  12:06  Pylon  
  92  12:13  Immortal (Chrono Boost)  
  96  12:20  Immortal (Chrono Boost)  
  99  12:48  Observer (Chrono Boost)  
  104  12:51  Zealot x3  
  110  13:04  Probe  
  102  13:06  Probe x2  
  103  13:42  Immortal (Chrono Boost)  
  103  13:43  Immortal (Chrono Boost)  
  68  14:05  Dark Templar x4  
  62  14:20  Archon x2  
  62  14:25  Zealot x3  
Tags
 
Add a new tag
Caveats
  • Supply blocks, unpowered buildings, or Contaminate may cause inaccurate times.
  • Supply counts are checked every 10 seconds.